Map: Acolyte LE

Players

A.I. 1 (Elite) - Winner!

  • Race: Terran Terran
  • Spawn Location: 1:00

A.I. 2 (Elite)

  • Race: Protoss Protoss
  • Spawn Location: 7:00

VOD

Have the link to the VOD?

Description

Time

  • Played on: Aug. 19, 2017, 10:37 p.m.
  • Length: 23:00
Show
View Real Time Build Order
Export as new Build Order

A.I. 1 (Elite) Terran - Winner!

Build Orders: MMM Bio 

Get SALT Encoding   

  12  0:01  SCV  
  13  0:13  SCV  
  14  0:19  Supply Depot  
  14  0:25  SCV  
  15  0:40  SCV  
  16  0:43  Barracks  
  16  0:52  SCV  
  17  1:04  SCV  
  18  1:17  SCV  
  19  1:21  Command Center  
  19  1:29  Marine  
  20  1:36  Orbital Command  
  20  1:47  Marine  
  20  1:48  Supply Depot  
  20  1:53  Refinery  
  21  2:02  SCV  
  21  2:05  Marine  
  23  2:12  Barracks  
  23  2:14  SCV  
  24  2:19  Refinery  
  24  2:24  Marine  
  24  2:26  SCV  
  26  2:31  Supply Depot  
  26  2:33  SCV  
  27  2:47  Orbital Command  
  27  2:48  Marine  
  28  2:52  SCV  
  29  3:04  SCV, Factory  
  30  3:07  Marine  
  30  3:08  Marine  
  30  3:12  SCV  
  33  3:17  SCV  
  34  3:24  SCV  
  34  3:25  Marine  
  34  3:26  Marine  
  37  3:29  SCV  
  37  3:33  Barracks  
  38  3:36  SCV  
  38  3:41  SCV  
  40  3:43  Barracks Tech Lab  
  40  3:45  Barracks Tech Lab  
  40  3:49  SCV  
  40  3:50  Starport, Factory Tech Lab  
  40  3:53  SCV  
  42  4:01  Marine  
  42  4:02  SCV  
  44  4:03  Marine  
  44  4:04  Stimpack, Combat Shields  
  44  4:05  SCV  
  44  4:09  Supply Depot  
  46  4:15  SCV  
  46  4:17  SCV  
  46  4:19  Marine  
  46  4:21  Marine  
  46  4:22  Marine  
  50  4:27  SCV  
  50  4:28  Medivac  
  50  4:30  SCV  
  54  4:37  Marine, Supply Depot  
  55  4:38  Marine  
  55  4:39  SCV, Supply Depot  
  55  4:45  Marine  
  58  4:49  SCV  
  58  4:52  SCV  
  60  4:55  Marauder  
  60  4:58  Medivac, Marauder  
  66  5:03  Marine, Supply Depot  
  66  5:04  SCV  
  66  5:05  SCV, Refinery  
  69  5:09  Refinery  
  69  5:16  SCV  
  69  5:17  SCV, Marauder  
  69  5:20  Marauder  
  75  5:27  Supply Depot  
  75  5:28  SCV  
  75  5:30  SCV, Engineering Bay  
  77  5:36  Engineering Bay  
  77  5:38  Command Center, Marauder  
  77  5:40  SCV  
  80  5:47  SCV  
  81  5:50  Marauder  
  81  5:52  SCV  
  84  5:57  Terran Infantry Weapons Level 1, Supply Depot  
  84  5:59  SCV, Marauder  
  84  6:01  Terran Infantry Armor Level 1  
  84  6:03  Barracks Reactor  
  87  6:05  SCV  
  87  6:08  Missile Turret  
  87  6:10  Missile Turret  
  88  6:12  Concussive Shells, Marauder  
  90  6:20  Starport Reactor, Barracks  
  90  6:21  Marauder  
  92  6:27  Supply Depot  
  92  6:33  Marauder  
  92  6:38  Missile Turret  
  94  6:40  Marine x2  
  94  6:42  Marauder  
  98  6:51  SCV x2  
  98  6:52  Supply Depot, SCV  
  101  6:54  Marauder  
  101  6:56  Viking, Medivac  
  101  7:01  Missile Turret  
  107  7:03  Missile Turret, SCV  
  107  7:04  SCV  
  107  7:05  SCV  
  110  7:15  SCV, Marauder  
  113  7:18  Orbital Command, SCV, Supply Depot  
  113  7:22  Marauder  
  116  7:26  Viking, Medivac  
  116  7:27  SCV  
  116  7:29  Missile Turret  
  121  7:30  SCV  
  121  7:36  Marauder  
  124  7:39  SCV  
  124  7:42  SCV  
  124  7:43  SCV, Supply Depot, Marauder  
  129  7:51  Missile Turret, SCV  
  129  7:54  SCV  
  129  7:56  Viking, SCV  
  134  7:59  Factory  
  134  8:02  Starport  
  134  8:04  Command Center  
  134  8:09  Supply Depot  
  134  8:14  Armory  
  134  8:16  Viking  
  136  8:26  Viking  
  138  8:33  Supply Depot  
  138  8:35  Refinery  
  138  8:38  Viking, Refinery  
  140  8:43  Factory Tech Lab  
  140  8:44  Armory  
  140  8:50  Marine  
  140  8:51  Marine  
  140  8:53  Marine x2, Hi-Sec Auto Tracking  
  144  8:57  Supply Depot  
  144  9:00  SCV  
  145  9:04  Terran Infantry Weapons Level 2  
  145  9:05  Missile Turret  
  145  9:07  Missile Turret  
  145  9:09  Barracks Tech Lab, Barracks  
  145  9:10  Starport Tech Lab  
  145  9:16  Ghost Academy  
  145  9:17  SCV  
  145  9:18  Refinery  
  145  9:20  Planetary Fortress  
  146  9:29  Raven, Missile Turret, Marauder  
  146  9:30  Missile Turret  
  150  9:31  Refinery  
  150  9:37  Command Center  
  150  9:41  High Capacity Fuel Tanks  
  150  9:43  Marauder  
  150  9:44  Marauder  
  154  9:49  Viking  
  154  9:50  Building Armor, Marauder  
  158  9:54  Viking  
  158  9:58  Marine, Terran Ship Weapons Level 1  
  161  10:00  Marine  
  161  10:01  Marine  
  161  10:03  Ghost  
  161  10:05  Marine  
  152  10:08  Supply Depot  
  152  10:11  Ghost  
  152  10:12  Raven  
  138  10:17  Marine  
  138  10:19  Marine  
  138  10:20  Marine  
  118  10:23  Marauder  
  105  10:30  Medivac  
  105  10:32  Ghost, Medivac  
  111  10:35  Marine  
  111  10:37  Marine  
  111  10:38  Marine  
  111  10:39  Ghost  
  116  10:43  Personal Cloaking  
  116  10:44  Ghost  
  118  10:53  Marine  
  118  10:55  Marine, Medivac  
  122  10:58  Marine  
  122  10:59  Planetary Fortress, Refinery  
  122  11:00  Medivac  
  122  11:01  Marauder  
  122  11:02  Viking  
  122  11:03  Missile Turret  
  129  11:08  Ghost  
  129  11:10  Missile Turret  
  129  11:11  Marine  
  131  11:13  Marine, Marauder  
  131  11:15  Marine, Liberator  
  136  11:22  Marauder  
  136  11:24  SCV  
  136  11:25  Viking, SCV  
  140  11:29  Marine, Command Center  
  140  11:30  Medivac  
  145  11:34  Marauder  
  145  11:37  Marauder  
  146  11:41  SCV  
  146  11:44  Marauder  
  149  11:50  Marine, Terran Infantry Weapons Level 3  
  149  11:51  Marine  
  149  11:52  Marine  
  152  11:55  Viking  
  152  11:56  Marauder  
  152  11:58  Marine, Liberator  
  152  12:00  Viking  
  159  12:05  Marauder  
  161  12:08  Marine  
  161  12:12  Hellion  
  161  12:15  Hellion  
  169  12:16  Marauder  
  171  12:24  Infernal Pre-Igniter  
  171  12:25  Viking  
  171  12:28  Factory  
  173  12:33  Siege Tank  
  173  12:35  Terran Ship Weapons Level 2  
  173  12:36  Hellion  
  178  12:43  Planetary Fortress  
  178  12:54  Nuke, Missile Turret  
  178  12:57  Thor  
  184  13:03  Missile Turret  
  184  13:05  Widow Mine  
  186  13:11  Widow Mine  
  188  13:24  Factory  
  188  13:26  Missile Turret  
  188  13:29  Missile Turret  
  188  13:31  Missile Turret  
  188  13:33  Missile Turret  
  190  13:34  Hellion, Command Center  
  190  13:40  Thor, Factory Tech Lab  
  196  13:46  Marauder  
  196  13:47  Marauder x2  
  189  13:55  Siege Tank  
  189  13:58  Widow Mine  
  189  14:07  Marauder, Cyclone, Terran Vehicle Weapons Level 1  
  189  14:08  Marauder x2  
  195  14:23  Siege Tank  
  198  14:27  Hellion  
  198  14:29  Terran Infantry Armor Level 2  
  200  14:46  Planetary Fortress, Missile Turret  
  200  14:49  Siege Tank  
  200  14:50  Missile Turret  
  200  14:51  Terran Vehicle And Ship Armor Level 1  
  199  14:55  Hellion  
  199  14:58  Siege Tank  
  199  15:01  Missile Turret  
  199  15:10  Missile Turret  
  199  15:13  Hellion  
  199  15:14  Refinery  
  199  15:16  Refinery  
  199  15:19  Refinery  
  199  15:20  Command Center  
  199  15:43  Refinery  
  199  15:46  Refinery  
  199  16:01  Terran Vehicle Weapons Level 2  
  199  16:44  Planetary Fortress, Refinery  
  199  16:45  Terran Vehicle And Ship Armor Level 2  
  199  16:48  Terran Infantry Armor Level 3  
  199  17:00  Marauder  
  199  17:01  Missile Turret  
  199  17:16  Missile Turret  
  199  17:19  Missile Turret  
  199  17:21  Refinery  
  199  18:00  Marauder  
  200  18:19  Terran Vehicle Weapons Level 3  
  200  18:25  SCV  
  199  18:40  Marine  
  199  18:41  Marine  
  199  18:42  Marine, Siege Tank  
  199  18:43  Marine  
  199  18:44  Hellion  
  199  18:45  Marauder  
  199  18:46  Hellion  
  200  18:51  SCV  
  197  19:00  Marine  
  198  19:04  Terran Vehicle And Ship Armor Level 3  
  198  19:21  Marine x2  
  200  19:33  SCV  
  200  20:14  Ghost  
  200  20:15  Marauder  
  200  20:16  Marauder  
  200  20:17  Cyclone  
  200  20:19  Hellion  
  199  20:25  Marine, Hellion  
  199  20:26  Marine  
  199  20:51  Marauder  
  199  20:52  Marauder  
  199  20:54  Marauder  
  199  20:58  Hellion  
  199  22:26  Command Center  
Show
View Real Time Build Order
Export as new Build Order

A.I. 2 (Elite) Protoss 

Build Orders: Zealot Archon 

Get SALT Encoding   

  12  0:01  Probe (Chrono Boost)  
  13  0:11  Probe (Chrono Boost)  
  14  0:20  Pylon  
  14  0:22  Probe (Chrono Boost)  
  15  0:38  Probe (Chrono Boost)  
  16  0:47  Assimilator  
  16  0:49  Probe (Chrono Boost)  
  17  0:50  Gateway  
  17  0:59  Probe (Chrono Boost)  
  17  1:00  Pylon  
  18  1:10  Probe (Chrono Boost)  
  19  1:20  Probe (Chrono Boost)  
  20  1:31  Probe (Chrono Boost)  
  21  1:38  Zealot  
  21  1:43  Probe (Chrono Boost)  
  24  1:48  Nexus  
  25  1:54  Probe (Chrono Boost)  
  25  2:04  Cybernetics Core  
  25  2:06  Probe (Chrono Boost)  
  26  2:16  Probe (Chrono Boost)  
  27  2:27  Probe (Chrono Boost)  
  28  2:31  Pylon  
  28  2:32  Warp Gate  
  28  2:38  Probe (Chrono Boost)  
  28  2:39  Stalker  
  31  2:46  Gateway  
  31  2:47  Assimilator  
  31  2:50  Probe (Chrono Boost)  
  32  3:04  Pylon, Probe (Chrono Boost)  
  33  3:06  Stalker  
  35  3:16  Gateway  
  35  3:17  Probe (Chrono Boost)  
  36  3:25  Probe (Chrono Boost)  
  37  3:31  Stalker  
  37  3:33  Probe (Chrono Boost)  
  40  3:34  Stalker  
  40  3:37  Probe (Chrono Boost)  
  43  3:45  Probe (Chrono Boost)  
  45  3:49  Probe (Chrono Boost)  
  46  3:57  Probe (Chrono Boost)  
  46  4:00  Stalker, Probe (Chrono Boost)  
  46  4:02  Stalker  
  49  4:04  Stalker  
  49  4:09  Probe (Chrono Boost)  
  54  4:10  Pylon  
  54  4:11  Probe (Chrono Boost)  
  55  4:20  Probe (Chrono Boost)  
  55  4:22  Pylon, Probe (Chrono Boost)  
  57  4:28  Stalker  
  60  4:31  Probe (Chrono Boost)  
  60  4:33  Probe (Chrono Boost)  
  61  4:40  Stalker  
  61  4:41  Stalker  
  61  4:42  Probe (Chrono Boost)  
  61  4:45  Probe (Chrono Boost)  
  67  4:46  Pylon  
  67  4:48  Pylon  
  67  4:54  Probe (Chrono Boost)  
  67  4:57  Probe (Chrono Boost)  
  69  5:01  Stalker  
  69  5:04  Stalker  
  69  5:05  Probe (Chrono Boost)  
  69  5:06  Stalker  
  76  5:08  Probe (Chrono Boost)  
  76  5:12  Pylon  
  77  5:16  Probe (Chrono Boost)  
  77  5:19  Probe (Chrono Boost)  
  79  5:22  Stalker  
  79  5:26  Stalker  
  79  5:27  Probe (Chrono Boost)  
  84  5:28  Stalker  
  84  5:31  Probe (Chrono Boost)  
  84  5:32  Twilight Council  
  87  5:36  Pylon  
  87  5:44  Adept  
  87  5:48  Sentry  
  91  5:50  Adept  
  91  5:55  Assimilator  
  93  6:02  Zealot  
  93  6:03  Assimilator  
  95  6:05  Pylon  
  95  6:08  Zealot  
  95  6:09  Adept  
  99  6:22  Templar Archives  
  99  6:23  Forge  
  99  6:27  Gateway  
  99  6:31  Nexus  
  99  6:58  Sentry  
  99  6:59  Forge  
  99  7:00  Pylon, High Templar x2  
  105  7:11  Robotics Facility  
  105  7:18  Archon  
  105  7:20  Zealot, Photon Cannon  
  105  7:21  Photon Cannon  
  105  7:22  High Templar  
  109  7:24  Pylon  
  109  7:33  Zealot  
  109  7:36  High Templar  
  113  7:37  Gateway  
  113  7:42  Zealot  
  117  7:44  Photon Cannon  
  117  7:45  Probe x3 (Chrono Boost)  
  117  7:49  Photon Cannon  
  118  7:52  Assimilator  
  118  7:55  Assimilator, High Templar, Archon  
  118  7:57  Observer, Probe x2 (Chrono Boost)  
  118  7:58  Probe (Chrono Boost)  
  123  8:03  Pylon  
  124  8:08  Probe (Chrono Boost)  
  124  8:09  Probe x2 (Chrono Boost)  
  124  8:11  Protoss Ground Weapons Level 1  
  124  8:12  High Templar  
  129  8:15  Warp Prism  
  133  8:20  Probe x2 (Chrono Boost)  
  133  8:21  Photon Cannon, Probe (Chrono Boost)  
  133  8:23  Photon Cannon  
  133  8:25  Pylon  
  134  8:28  Archon  
  134  8:30  High Templar  
  134  8:31  Probe (Chrono Boost)  
  134  8:32  Probe x2 (Chrono Boost)  
  139  8:39  High Templar  
  139  8:41  Gateway  
  141  8:42  Probe (Chrono Boost)  
  141  8:44  Probe (Chrono Boost)  
  141  8:46  Photon Cannon, Archon  
  143  8:49  Photon Cannon, Nexus, Warp Prism, High Templar  
  147  8:56  Pylon  
  147  8:58  High Templar  
  149  9:04  Archon  
  149  9:07  High Templar  
  151  9:15  Protoss Ground Armor Level 1  
  151  9:17  High Templar  
  151  9:21  Pylon  
  153  9:25  Photon Cannon  
  153  9:31  Photon Cannon  
  153  9:33  High Templar, Archon  
  153  9:35  Photon Cannon  
  155  9:39  Photon Cannon  
  155  9:42  High Templar  
  157  9:48  Psionic Storm  
  157  9:53  Zealot  
  157  9:54  Zealot  
  157  9:57  Observer  
  162  10:02  Zealot x3  
  164  10:08  Pylon  
  164  10:12  Zealot x2  
  164  10:13  Zealot  
  144  10:17  Immortal  
  144  10:21  Zealot x2  
  134  10:22  Adept  
  134  10:23  Assimilator  
  134  10:27  Assimilator, Pylon  
  134  10:30  Zealot  
  134  10:31  Stalker  
  134  10:32  Sentry  
  134  10:33  Nexus  
  140  10:37  Photon Cannon  
  140  10:39  Adept  
  140  10:40  Stalker  
  140  10:41  High Templar  
  146  10:48  Photon Cannon  
  146  10:49  Stalker  
  148  10:52  Stalker x2  
  148  10:53  Pylon  
  148  10:55  Observer  
  148  10:56  Charge  
  153  10:59  Sentry  
  153  11:01  Adept  
  157  11:11  High Templar  
  159  11:12  High Templar  
  159  11:15  Photon Cannon  
  159  11:17  Photon Cannon  
  161  11:19  High Templar  
  161  11:25  Observer  
  163  11:27  Photon Cannon, Archon  
  163  11:30  High Templar  
  163  11:32  Zealot  
  145  11:33  Zealot  
  145  11:37  Archon  
  127  11:40  Adept  
  127  11:42  Stalker  
  131  11:48  Stalker  
  131  11:51  Zealot x2  
  137  11:55  Assimilator  
  137  11:57  Protoss Ground Weapons Level 2  
  137  11:58  Sentry, Pylon  
  137  11:59  Nexus  
  137  12:00  Zealot  
  141  12:02  Assimilator  
  141  12:03  Zealot  
  141  12:08  Photon Cannon  
  143  12:09  Zealot x2  
  143  12:10  Adept  
  149  12:15  Robotics Facility  
  149  12:18  High Templar  
  149  12:19  High Templar  
  149  12:20  Photon Cannon  
  149  12:21  Sentry  
  155  12:25  Blink, Pylon, Archon  
  155  12:28  Zealot, High Templar  
  159  12:31  High Templar  
  161  12:37  Archon  
  161  12:43  High Templar  
  163  12:46  Archon  
  163  12:48  High Templar  
  163  12:49  Stargate  
  165  12:52  Photon Cannon  
  165  12:54  Archon  
  165  12:55  Photon Cannon, High Templar  
  167  13:02  High Templar  
  169  13:13  Robotics Bay  
  169  13:16  Zealot x3  
  169  13:17  Zealot  
  177  13:20  Assimilator  
  177  13:23  Stalker  
  179  13:31  Zealot, Pylon  
  179  13:34  Stalker  
  183  13:35  Zealot x2, Stalker  
  166  13:49  Probe (Chrono Boost)  
  166  13:50  Probe (Chrono Boost)  
  166  13:52  Probe (Chrono Boost)  
  166  13:54  Probe x2 (Chrono Boost)  
  166  13:55  High Templar  
  147  13:57  Colossus  
  147  14:01  Stalker, Probe (Chrono Boost)  
  147  14:02  High Templar  
  130  14:05  Stalker  
  130  14:08  Probe (Chrono Boost)  
  130  14:09  Zealot  
  95  14:10  Adept  
  79  14:22  Sentry  
  80  14:24  High Templar  
  80  14:26  Zealot  
  80  14:28  Stalker  
  80  14:29  Adept  
  85  14:31  Nexus  
  66  14:48  Stalker, Observer  
  65  14:54  Adept  
  65  15:01  Stalker  
  67  15:10  Stalker  
  67  15:18  Stalker  
  67  15:20  Sentry, Nexus  
  71  15:25  Zealot  
  73  15:29  Adept  
  73  15:32  Probe (Chrono Boost)  
  73  15:34  Probe (Chrono Boost)  
  77  15:37  Probe (Chrono Boost)  
  77  15:38  Probe (Chrono Boost)  
  79  15:43  Probe (Chrono Boost)  
  79  15:44  Probe (Chrono Boost)  
  79  15:45  Probe (Chrono Boost)  
  79  15:47  Probe (Chrono Boost)  
  79  15:49  Probe (Chrono Boost)  
  84  15:54  Probe (Chrono Boost)  
  84  15:55  Probe (Chrono Boost)  
  87  15:57  Probe (Chrono Boost)  
  87  15:58  Probe (Chrono Boost)  
  87  16:03  Stalker  
  90  16:04  Probe (Chrono Boost)  
  90  16:06  Probe x2 (Chrono Boost)  
  90  16:08  Probe (Chrono Boost)  
  90  16:10  Probe (Chrono Boost)  
  95  16:14  Stalker  
  95  16:15  Probe (Chrono Boost)  
  95  16:17  Probe (Chrono Boost)  
  99  16:19  Probe (Chrono Boost)  
  99  16:20  Probe (Chrono Boost)  
  99  16:21  Probe (Chrono Boost)  
  99  16:24  Stalker  
  104  16:27  Probe (Chrono Boost)  
  104  16:28  Stalker, Probe (Chrono Boost)  
  104  16:30  Sentry  
  104  16:32  Probe (Chrono Boost)  
  111  16:33  Zealot  
  111  16:35  Zealot  
  111  16:38  Zealot  
  117  16:44  Zealot  
  118  16:47  Probe (Chrono Boost)  
  118  16:49  Zealot  
  118  16:51  Zealot, Probe (Chrono Boost)  
  118  16:52  Zealot, Probe (Chrono Boost)  
  118  16:53  Zealot  
  127  16:56  Zealot  
  129  17:03  Zealot  
  129  17:07  Zealot  
  133  17:09  Zealot  
  133  17:10  Zealot  
  133  17:11  Zealot  
  133  17:14  Stalker  
  141  17:20  Stalker  
  141  17:22  Immortal  
  143  17:25  Zealot  
  143  17:26  Stalker  
  143  17:27  Stalker  
  143  17:29  Stalker  
  155  17:34  Stalker  
  155  17:36  Immortal  
  157  17:41  Stalker  
  157  17:43  Stalker  
  165  17:47  Stalker  
  165  17:48  Stalker  
  169  17:59  Observer  
  169  18:03  Stalker  
  172  18:05  Stalker  
  174  18:13  Observer  
  174  18:17  Immortal  
  174  18:18  Probe (Chrono Boost)  
  174  18:19  Probe (Chrono Boost)  
  159  18:20  Probe (Chrono Boost)  
  159  18:22  Probe (Chrono Boost)  
  159  18:23  Probe (Chrono Boost)  
  165  18:29  Probe x2 (Chrono Boost)  
  165  18:31  Immortal, Stalker, Probe (Chrono Boost)  
  152  18:35  Adept  
  152  18:36  Probe (Chrono Boost)  
  152  18:40  Probe (Chrono Boost)  
  145  18:42  Zealot  
  145  18:43  Probe (Chrono Boost)  
  145  18:45  Adept  
  116  18:49  Sentry  
  116  18:53  Immortal  
  82  18:59  Stalker  
  78  19:08  Zealot, Stalker  
  81  19:17  Adept, Stalker  
  84  19:31  Stalker  
  85  19:33  Probe (Chrono Boost)  
  85  19:34  Probe (Chrono Boost)  
  85  19:36  Probe (Chrono Boost)  
  85  19:37  Probe (Chrono Boost)  
  89  19:42  Stalker  
  89  19:44  Probe (Chrono Boost)  
  89  19:45  Probe (Chrono Boost)  
  91  19:47  Probe (Chrono Boost)  
  91  19:48  Probe (Chrono Boost)  
  91  19:49  Stalker  
  94  19:55  Stalker, Probe (Chrono Boost)  
  94  19:56  Probe (Chrono Boost)  
  94  19:58  Probe (Chrono Boost)  
  99  20:00  Probe (Chrono Boost)  
  99  20:03  Stalker  
  99  20:04  Sentry, Zealot  
  99  20:06  Zealot, Probe (Chrono Boost)  
  105  20:08  Probe (Chrono Boost)  
  30  20:47  Nexus  
  19  21:00  High Templar  
Tags
 
Add a new tag
Caveats
  • Supply blocks, unpowered buildings, or Contaminate may cause inaccurate times.
  • Supply counts are checked every 10 seconds.